 Dungeon Crawl Stone Soup version 0.31-a0-986-g5e6e4ef867 (webtiles) character file.

Game seed: 7678244139649453645

52 jlumianski the Ruffian (level 3, -8/28 HPs)
             Began as a Gnoll Shapeshifter on Nov 9, 2023.
             Mangled by a gnoll
             ... wielding a +0 halberd
              (13 damage)
             ... on level 3 of the Dungeon.
             The game lasted 00:04:55 (1195 turns).

jlumianski the Ruffian (Gnoll Shapeshifter)         Turns: 1195, Time: 00:04:55

Health: -8/28      AC:  3    Str: 15    XL:     3   Next: 85%
Magic:  4/4        EV: 12    Int:  9    God:
Gold:   96         SH:  0    Dex: 11    Spells: 4/4 levels left

rFire   . .          .
                       - Unarmed
rCold   . . .        (no shield)
rNeg    . . .        e - +0 leather armour
rPois   .            (helmet currently unavailable)
rElec   .            (cloak currently unavailable)
rCorr   .            (gloves currently unavailable)
SInv    .            (boots currently unavailable)
Will    .....        (no amulet)
Stlth   +            (no ring)
HPRegen 0.24/turn    (no ring)
MPRegen 0.09/turn

%: no passive effects
@: beast-form
A: beast (slay +3), fangs 1, strong nose, distributed training
a: Begin Untransformation


You were on level 3 of the Dungeon.
You were a hulking beast.
You visited 1 branch of the dungeon, and saw 3 of its levels.

You collected 96 gold pieces.

Inventory:

Missiles
 j - 6 stones
Armour
 a - a +0 animal skin
 e - a +0 leather armour (worn)
 g - an orb of mayhem
Talismans
 c - a beast talisman
 d - a flux talisman
Potions
 b - a potion of lignification
 f - a potion of mutation {unknown}
 h - a potion of heal wounds {unknown}
 i - a potion of attraction
 k - a potion of enlightenment {unknown}
 l - a potion of magic {unknown}
 n - a potion of curing {unknown}


   Skills:
 + Level 2.6 Fighting
 + Level 1.0 Short Blades
 + Level 1.0 Long Blades
 + Level 1.0 Axes
 + Level 1.0 Maces & Flails
 + Level 1.0 Polearms
 + Level 1.0 Staves
 + Level 1.0 Ranged Weapons
 + Level 1.0 Throwing
 + Level 1.0 Armour
 + Level 4.6 Dodging
 + Level 1.0 Stealth
 + Level 1.0 Shields
 + Level 6.5 Unarmed Combat
 + Level 1.0 Spellcasting
 + Level 0.7 Conjurations
 + Level 0.7 Hexes
 + Level 0.7 Summonings
 + Level 0.7 Necromancy
 + Level 0.7 Translocations
 + Level 0.7 Transmutations
 + Level 0.7 Fire Magic
 + Level 0.7 Ice Magic
 + Level 0.7 Air Magic
 + Level 0.7 Earth Magic
 + Level 0.7 Poison Magic
 + Level 1.0 Invocations
 + Level 1.0 Evocations
 + Level 6.5 Shapeshifting


You had 4 spell levels left.
You didn't know any spells.
Your spell library was empty.

Dungeon Overview and Level Annotations

Branches:
Dungeon (3/15)

Altars:
Ashenzari


Innate Abilities, Weirdness & Mutations

You are a hulking beast.
Your limbs bulge with bestial killing power. (Slay +3)
You have very sharp teeth.
Your uncanny sense of smell can sniff out nearby items.
Your experience applies equally to all skills.


Message History

Your Staves skill increases to level 1!
Your Ranged Weapons skill increases to level 1!
Your Throwing skill increases to level 1!
Your Armour skill increases to level 1!
Your Stealth skill increases to level 1!
Your Shields skill increases to level 1!
Your Spellcasting skill increases to level 1!
Your Evocations skill increases to level 1!
h - an emerald potion You now have 96 gold pieces (gained 13).
A worm comes into view.
A rat comes into view.
Found 13 gold pieces.
Found 9 gold pieces.
The worm closely misses you.
You punch the worm!
The worm is severely wounded.
You punch the worm!
You kill the worm!
You punch the rat!
You kill the rat!
You hear the slow rusting of a very distant drain.
You open the door. 3 gnolls come into view.
The gnoll shouts!
A hobgoblin comes into view.
A goblin comes into view. It is wielding a +0 dagger.
Found a broken altar of Ashenzari.
A gnoll comes into view. It is wielding a +0 halberd.
There is an open door here.
The gnoll shouts!
The goblin shouts!
You start putting on your armour.
You continue putting on your orb of mayhem. x2
The gnoll hits you from afar with a +0 halberd!
You continue putting on your orb of mayhem.
The gnoll hits you from afar with a +0 halberd!
* * * LOW HITPOINT WARNING * * *
You continue putting on your orb of mayhem.
The gnoll hits you from afar with a +0 halberd!
You die...

#........## #.....g.###
#.......# # #.......# #
###.g.....# # #.........# .
#.........#..
###############g........#..
#ยงยง.......h.gggg...........
#########################..
.. #


You could see 3 gnolls, a hobgoblin and a goblin.

Vanquished Creatures
  2 adders
  A worm (D:3)
  2 bats (D:1)
  2 endoplasms (D:1)
  3 giant cockroaches
  4 goblins (D:1)
  3 hobgoblins (D:1)
  2 jackals
  3 kobolds
  2 ball pythons
  A frilled lizard (D:2)
  7 rats
32 creatures vanquished.

Notes
Turn   | Place    | Note
-------+----------+-------------------------------------------
     0 | D:1      | jlumianski the Gnoll Shapeshifter began the quest for the
                  | Orb.
     0 | D:1      | Reached XP level 1. HP: 17/17 MP: 1/1
   104 | D:1      | Found a faded altar of an unknown god.
   182 | D:1      | Reached XP level 2. HP: 21/23 MP: 2/2
   620 | D:1      | Reached XP level 3. HP: 17/28 MP: 2/4
   816 | D:1      | Reached skill level 1 in Invocations
  1131 | D:3      | Reached skill level 1 in Short Blades
  1131 | D:3      | Reached skill level 1 in Long Blades
  1131 | D:3      | Reached skill level 1 in Axes
  1131 | D:3      | Reached skill level 1 in Maces & Flails
  1131 | D:3      | Reached skill level 1 in Polearms
  1131 | D:3      | Reached skill level 1 in Staves
  1131 | D:3      | Reached skill level 1 in Ranged Weapons
  1131 | D:3      | Reached skill level 1 in Throwing
  1131 | D:3      | Reached skill level 1 in Armour
  1131 | D:3      | Reached skill level 1 in Stealth
  1131 | D:3      | Reached skill level 1 in Shields
  1131 | D:3      | Reached skill level 1 in Spellcasting
  1131 | D:3      | Reached skill level 1 in Evocations
  1170 | D:3      | Found a broken altar of Ashenzari.
  1195 | D:3      | Mangled by a gnoll

Illustrated notes

Levels and vault maps discovered:
D:1:      ldierk_walled_garden, layout_basic, nicolae_ecumenical_lake_church,
          chequers_serial_rivers_micro_d, chequers_serial_rivers_large_a,
          minmay_tromino_i4
D:2:      layout_basic
D:3:      layout_basic, evilmike_ruin_ashenzari, lightli_sewer_entry_pipes,
          nicolae_elevator_lobby_plus, uniq_grinder

Skill      XL: |  1  2  3 |
---------------+----------+-----
Invocations    | 1 |  1.0
Short Blades   | 1 |  1.0
Long Blades    | 1 |  1.0
Axes           | 1 |  1.0
Maces & Flails | 1 |  1.0
Polearms       | 1 |  1.0
Staves         | 1 |  1.0
Ranged Weapons | 1 |  1.0
Throwing       | 1 |  1.0
Armour         | 1 |  1.0
Stealth        | 1 |  1.0
Shields        | 1 |  1.0
Spellcasting   | 1 |  1.0
Evocations     | 1 |  1.0
Fighting       | |  2.6
Dodging        | |  4.6
Unarmed Combat | |  6.5
Conjurations   | |  0.7
Hexes          | |  0.7
Summonings     | |  0.7
Necromancy     | |  0.7
Translocations | |  0.7
Transmutations | |  0.7
Fire Magic     | |  0.7
Ice Magic      | |  0.7
Air Magic      | |  0.7
Earth Magic    | |  0.7
Poison Magic   | |  0.7
Shapeshifting  | |  6.5

Action                     || total
---------------------------++-------
  Melee: Unarmed           ||    65
         Bite              ||     4
         Punch             ||     4
    Use: Scroll            ||     2
         Potion            ||     1
   Stab: Sleeping          ||     2
 Armour: Animal skin       ||     6
         Leather armour    ||    22
  Dodge: Dodged            ||    33

Table legend: (Time is in decaauts)
 A = Elapsed time spent in this place.
 B = Non-inter-level travel time spent in this place.
 C = Inter-level travel time spent in this place.
 D = Time resting spent in this place.
 E = Time spent auto-exploring this place.
 F = Levels seen in this place.
 G = Mean time per level.
                   A        B        C        D        E       F      G
               +--------+--------+--------+--------+--------+-----+--------+
         Total |   1202 |   1154 |     48 |     12 |    632 |   3 |  400.7 |
       Dungeon |   1202 |   1154 |     48 |     12 |    632 |   3 |  400.7 |
               +--------+--------+--------+--------+--------+-----+--------+

Top non-repeatable levels by time:
     D:1: 920 daAuts
     D:2: 197 daAuts
     D:3: 84 daAuts
